 Dungeon Crawl Stone Soup version 0.30-b1-2-g02819fbbbe (webtiles) character file.

Game seed: 9846557307706925896

8467 MackTheKnife the Grappler (level 11, -1/83 HPs)
             Began as a Ghoul Brigand on May 16, 2023.
             Was an Elder of Hepliaklqana.
             Slain by a killer bee (10 damage)
             ... on level 10 of the Dungeon.
             The game lasted 00:18:19 (11667 turns).

MackTheKnife the Grappler (Ghoul Brigand)          Turns: 11667, Time: 00:18:19

Health: -1/83      AC: 12    Str: 16    XL:     11   Next: 31%
Magic:  16/16      EV: 16    Int:  6    God:    Hepliaklqana [****..]
Gold:   432        SH:  0    Dex: 23    Spells: 10/10 levels left

rFire   . .          .
                       - Unarmed
rCold   + . .        (no shield)
rNeg    + + +        z - +1 swamp dragon scales
rPois   ∞            (no helmet)
rElec   .            c - +0 cloak
rCorr   .            E - +1 pair of gloves {Dex+3}
SInv    +            o - +0 pair of boots
Will    .....        m - amulet of faith {!P}
Stlth   +++          f - ring of the Blue God {*Corrode rC- rN++ Dex+6 SInv}
HPRegen 0.00/turn    q - ring of protection from cold
MPRegen 0.15/turn

%: corrode self (3%), faith
@: inhibited regen
A: reduced essence, claws 1, cold resistance 1, negative energy resistance 3,
inhibited regeneration, torment resistance 2, devour on kill
a: Renounce Religion, Recall Ancestor, Ancestor Identity, Transference, Idealise


You were on level 10 of the Dungeon.
You worshipped Hepliaklqana.
Hepliaklqana was greatly pleased with you.
You visited 2 branches of the dungeon, and saw 11 of its levels.
You also visited: Ossuary.

You collected 507 gold pieces.
You spent 75 gold pieces at shops.


Innate Abilities, Weirdness & Mutations

Your life essence is reduced to manifest your ancestor. (-10% HP)
You are immune to poison.
You have sharp fingernails.
Your flesh is cold resistant. (rC+)
You are immune to negative energy. (rN+++)
You do not regenerate when monsters are visible.
You are immune to unholy pain and torment.
You thrive by killing the living.


   Skills:
 + Level 7.6 Fighting
 - Level 1.7 Short Blades
 - Level 1.7 Throwing
 - Level 8.0 Dodging
 - Level 4.3 Stealth
 - Level 11.6 Unarmed Combat
 - Level 8.8 Invocations


You had 10 spell levels left.
You didn't know any spells.
Your spell library contained the following spells:

 Spells                   Type           Power      Damage    Failure   Level
 Freeze                   Ice            0%         1d3       67%         1
 Shock                    Conj/Air       0%         1d3       67%         1
 Slow                     Hex            0%         N/A       67%         1
 Lesser Beckoning         Tloc           0%         N/A       82%         2
 Confusing Touch          Hex            0%         N/A       96%         3
 Frozen Ramparts          Ice            0%         1d1       96%         3
 Gell's Gravitas          Tloc           0%         N/A       96%         3
 Hailstorm                Conj/Ice       0%         3d3       96%         3
 Swiftness                Air            0%         N/A       96%         3
 Teleport Other           Tloc           0%         N/A       96%         3
 Vampiric Draining        Necr           0%         2d6       96%         3
 Airstrike                Air            0%         2d(0-16)  100%        4

Inventory:

Missiles
 b - 9 javelins {throwing}
 d - 49 poisoned darts (quivered) {throwing}
 e - 2 curare-tipped darts {=fthrowing}
 x - 2 throwing nets {=f!fthrowing}
Armour
 c - a +0 cloak (worn)
 o - a +0 pair of boots (worn)
   (You found it on level 2 of the Dungeon)
 z - +1 swamp dragon scales (worn)
   (You took it off Maggie on level 7 of the Dungeon)
 E - a +1 pair of gloves of dexterity (worn)
   (You found it on level 10 of the Dungeon)
Jewellery
 f - the ring of the Blue God (left hand) {*Corrode rC- rN++ Dex+6 SInv}
   (You acquired it on level 7 of the Dungeon)

   [ring of dexterity]

   Dex:       It affects your dexterity (+6).
   rC:        It makes you vulnerable to cold.
   rN:        It greatly protects you from negative energy.
   SInv:      It lets you see invisible.
   *Corrode:  It may corrode you when you take damage.
 m - an amulet of faith (around neck) {!P}
   (You found it on level 1 of the Dungeon)
 q - a ring of protection from cold (right hand)
   (You found it on level 10 of the Dungeon)
Wands
 v - a wand of mindburst (34)
   (You found it on level 6 of the Dungeon)
 y - a wand of iceblast (14)
   (You took it off Maggie on level 7 of the Dungeon)
 B - a wand of digging (2)
   (You found it on level 8 of the Dungeon)
Scrolls
 h - 3 scrolls of enchant armour
 i - 2 scrolls of amnesia
 n - a scroll of magic mapping {!r}
 p - a scroll of poison
 t - 2 scrolls of fear
 w - a scroll of immolation {!r!r}
 C - 2 scrolls of teleportation {@r4}
Potions
 a - a potion of attraction {!q}
 g - 2 potions of mutation
 j - 3 potions of brilliance
 k - a potion of resistance
 l - a potion of cancellation {unknown}
 r - 7 potions of curing {@q1}
 s - 3 potions of haste {@q3}
 u - 3 potions of heal wounds {@q2}
 D - 2 potions of flight {unknown}
 F - a potion of ambrosia

Dungeon Overview and Level Annotations

Branches:
Dungeon (10/15) Zot: 25713  Temple (1/1) D:4 Zot: 5949    Lair (0/5) D:10
Ossuary (visited)
    Orc: D:9-12

Altars:
Ashenzari
Cheibriados
Dithmenos
Fedhas
Gozag
Hepliaklqana
Kikubaaqudgha
Makhleb
Nemelex Xobeh
Okawaru
Qazlal
Ru
Sif Muna
Trog
Uskayaw
Vehumet
Wu Jian
Xom
Yredelemnul
Lugonu

Shops:
D:1 (   D:7 ((=!   D:10 [

Annotations:
D:4 exclusion: phantom
D:9 Grum
D:10 3 runed translucent doors, Urext's ghost, novice MiBe

#..............#.##..
#.....#.##.....#.##..
#...####.###...#.##..
#...#.#.#.# ...#†####
#.. ##.#†#.# ..#.# #.
##†#.#.## ..#.#### #.
#.#!#!#!. .#.....
#..##y#y#.### .######
#...@#.#.#.# #
#...###.###.y # #...
## ... # #... .. #
#### #


You could see a killer bee (berserk, blind).


Message History

The killer bee misses you. The killer bee barely misses you.
The killer bee closely misses Louis.
The killer bee stings you.
Unknown command.
You closely miss the killer bee. The killer bee completely misses you.
The killer bee stings Louis but does no damage.
The killer bee stings you!
The killer bee stings Louis. 😮 HP[-7]
You take 7 damage, and now have 48/82 hp.
You hit the queen bee.
Something closely misses Louis.
The killer bee closely misses Louis.
Something stings Louis!
The killer bee stings Louis.
You punch the queen bee!
You punch the queen bee, but do no damage.
Something stings Louis! x2
Louis is destroyed!
You hit the queen bee. The killer bee barely misses you.
You hear an angry buzzing noise.
The queen bee barely misses you.
You punch the queen bee! The killer bee misses you.
You hear an angry buzzing noise.
The killer bee completely misses you.
The queen bee stings you but does no damage.
You completely miss the queen bee.
The killer bee stings you but does no damage.
The killer bee stings you. The queen bee stings you!
* * * LOW HITPOINT WARNING * * *
😨 HP[-13]
You take 13 damage, and now have 35/82 hp.
You barely miss the queen bee.
You hear an angry buzzing noise.
The killer bee barely misses you.
You barely miss the queen bee.
You hear an angry buzzing noise.
The killer bee misses you.
You hear an angry buzzing noise.
The queen bee stings you!
* * * LOW HITPOINT WARNING * * *
You hear an angry buzzing noise.
The killer bee completely misses you. 😨 HP[-13]
You take 13 damage, and now have 22/82 hp.
You closely miss the queen bee. The killer bee barely misses you.
The queen bee misses you.
You hit the queen bee.
You punch the queen bee, but do no damage.
You are no longer corroded.
The killer bee closely misses you. The killer bee completely misses you.
The queen bee closely misses you.
You hit the queen bee.
You kill the queen bee!
You feel better.
You hear an angry buzzing noise.
The killer bee barely misses you. 😨 HP[+8]
You regained 8 hp, and now have 30/82 hp.
You punch the killer bee!
The killer bee stings you but does no damage. x2
You closely miss the killer bee. You punch the killer bee.
The killer bee stings you.
* * * LOW HITPOINT WARNING * * *
The killer bee stings you.
* * * LOW HITPOINT WARNING * * *
😨 HP[-9]
You take 9 damage, and now have 21/82 hp.
You miss the killer bee. You punch the killer bee!
You kill the killer bee!
You feel better. The killer bee stings you.
* * * LOW HITPOINT WARNING * * *
The killer bee closely misses you. 😨 HP[+7]
You now have 83 max hp (+1).
You regained 7 hp, and now have 28/83 hp.
You closely miss the killer bee. The killer bee completely misses you.
The killer bee stings you.
* * * LOW HITPOINT WARNING * * *
😨 HP[-3]
You take 3 damage, and now have 25/83 hp.
You miss the killer bee. The killer bee barely misses you.
The killer bee closely misses you.
The killer bee stings you but does no damage.
The killer bee stings you.
* * * LOW HITPOINT WARNING * * *
You see here a potion of ambrosia. 😨 HP[-3]
You take 3 damage, and now have 22/83 hp.
Unknown command.
You hear an angry buzzing noise.
The killer bee closely misses you.
The killer bee stings you but does no damage.
You miss the killer bee. The killer bee stings you!
* * * LOW HITPOINT WARNING * * *
The killer bee completely misses you. 😱 HP[-13]
You take 13 damage, and now have 9/83 hp.
Aiming: Bolt of Light
Press: ? - help, Shift-Dir - straight line, f - killer bee
Aim: a killer bee (berserk, 43% to hit)
The bolt of light hits the killer bee!!
The killer bee is blinded.
The now-empty wand crumbles to dust.
The killer bee stings you!
You die...

Skill      XL: |  1  2  3  4  5  6  7  8  9 10 11 |
---------------+----------------------------------+-----
Unarmed Combat | 1 3 4 5 8 11 | 11.6
Fighting       | 3 4 5 7 |  7.6
Dodging        | 5 8 |  8.0
Invocations    | 6 8 |  8.8
Short Blades   | |  1.7
Throwing       | |  1.7
Stealth        | |  4.3

Action                     |  1- 3 |  4- 6 |  7- 9 | 10-12 || total
---------------------------+-------+-------+-------+-------++-------
  Melee: Dagger            |    96 |   109 |       |       ||   205
         Punch             |     4 |     4 |    16 |    16 ||    40
         Unarmed           |       |   106 |   253 |   176 ||   535
  Throw: Dart              |     4 |    24 |    13 |     5 ||    46
         Throwing net      |       |       |     2 |       ||     2
 Invoke: Ancestor Identity |       |     1 |       |       ||     1
         Recall Ancestor   |       |       |     1 |     2 ||     3
         Ancestor Life: Ba |       |       |     1 |       ||     1
  Evoke: Wand              |       |       |     5 |     5 ||    10
    Use: Potion            |       |     4 |       |       ||     4
         Scroll            |       |     1 |    13 |     4 ||    18
   Stab: Sleeping          |    10 |     3 |     9 |     1 ||    23
         Held in net/web   |       |       |     2 |       ||     2
         Distracted        |       |       |     1 |     3 ||     4
 Armour: Robe              |    27 |    52 |       |       ||    79
         Leather armour    |       |     2 |    28 |       ||    30
         Swamp dragon scal |       |       |    36 |    40 ||    76
  Dodge: Dodged            |    50 |   113 |   110 |   187 ||   460

Levels and vault maps discovered:
D:1:      psy_arrival_basics, layout_loops_ring, serial_shops,
          nicolae_shop_rolling_square, chequers_garden,
          chequers_serial_rivers_room_b, kennysheep_boxes
D:2:      layout_basic
D:3:      lemuel_castle_with_subvaults [lemuel_castle_interior_carwin_2],
          layout_loops_ring, mainiacjoe_overflow_surrounded_room,
          nicolae_uskayaw_suspiria, ebering_ecumenical_altar_rust
D:4:      layout_cave_pools, overflow_temple_1_default,
          minmay_temple_entry_mist, kennysheep_dice
D:5:      layout_loops_ring, mainiacjoe_overflow_concentric_impassable,
          zin_academy, amcnicky_mini_corridor_feature, minmay_crystal_room,
          water_boxes_lemuel
D:6:      layout_loops_ring, mainiacjoe_overflow_cross_hatched, uniq_sigmund
D:7:      layout_gridville, nemelex_diamond_rough_becter, serial_shops,
          nicolae_shop_bloodbath_and_beyond, shop, shop, kennysheep_mini,
          uniq_maggie
D:8:      nicolae_cairo_tiling_very_big, layout_loops_ring,
          mainiacjoe_overflow_paths, trog_book, dk_xom_monty_hall,
          nicolae_ossuary_entry_catacombs, nrook_uturn
D:9:      layout_roguey, grunt_temple_overflow_growth_and_decay,
          roderic_lattice_a, uniq_grum
D:10:     layout_basic, nicolae_dithmenos_through_a_glass_darkly,
          overflow_temple_1_default, dpeg_lair_monsters,
          gammafunk_ghost_hydra_chop, serial_shops,
          nicolae_shop_just_a_little_nook, minivault_7
Temple:   corrupted_temple

Notes
Turn   | Place    | Note
-------+----------+-------------------------------------------
     0 | D:1      | MackTheKnife the Ghoul Brigand began the quest for the Orb.
     0 | D:1      | Reached XP level 1. HP: 17/17 MP: 0/0
     0 | D:1      | magus.rc [v1.9.6]
    44 | D:1      | Found Jypoguesch's Antique Weapon Emporium.
    65 | D:1      | Reached skill level 1 in Unarmed Combat
   127 | D:1      | Reached XP level 2. HP: 24/24 MP: 1/1
   216 | D:1      | Reached skill level 2 in Unarmed Combat
   297 | D:1      | You pick up a book of Displacement and begin reading...
   297 | D:1      | You add the spells Lesser Beckoning, Gell's Gravitas and
                  | Teleport Other to your library.
  1057 | D:2      | Reached skill level 3 in Unarmed Combat
  1057 | D:2      | Reached XP level 3. HP: 26/29 MP: 2/2
  1561 | D:2      | Reached XP level 4. HP: 37/37 MP: 3/3
  2082 | D:3      | Found a faded altar of an unknown god.
  2308 | D:3      | Reached skill level 3 in Fighting
  2372 | D:3      | Noticed an ogre
  2390 | D:3      | Reached skill level 4 in Unarmed Combat
  2466 | D:3      | Found a burning altar of Makhleb.
  2593 | D:3      | HP: 7/38 [hobgoblin (3)]
  2613 | D:3      | HP: 6/38 [hobgoblin (1)]
  2618 | D:2      | Reached XP level 5. HP: 8/45 MP: 4/4
  2904 | D:3      | HP: 11/45 [gnoll/+0 spear (3)]
  2909 | D:3      | HP: 7/45 [gnoll/+0 spear (2)]
  3327 | D:3      | Found a hide-covered altar of Uskayaw.
  3340 | D:3      | You pick up a book of Displacement and begin reading...
  3563 | D:4      | HP: 10/46 [iguana (4)]
  3564 | D:4      | HP: 4/46 [iguana (6)]
  3566 | D:4      | Reached skill level 4 in Fighting
  3731 | D:4      | You pick up a book of Debilitation and begin reading...
  3731 | D:4      | You add the spells Slow, Vampiric Draining and Confusing
                  | Touch to your library.
  3748 | D:4      | Noticed a phantom
  3788 | D:4      | Found a basalt altar of Yredelemnul.
  3818 | D:4      | Found a staircase to the Ecumenical Temple.
  3840 | Temple   | Entered the Ecumenical Temple
  3874 | Temple   | Became a worshipper of Hepliaklqana the Forgotten
  4013 | D:4      | Reached XP level 6. HP: 47/52 MP: 5/5
  4166 | D:5      | Entered Level 5 of the Dungeon
  4199 | D:5      | Reached skill level 5 in Unarmed Combat
  4201 | D:5      | Found an iron altar of Okawaru.
  4479 | D:5      | Reached * piety under Hepliaklqana
  4550 | D:5      | Reached skill level 5 in Fighting
  4622 | D:5      | Reached XP level 7. HP: 43/54 MP: 6/6
  4683 | D:5      | Reached skill level 6 in Unarmed Combat
  5834 | D:6      | Noticed Sigmund
  6162 | D:6      | Killed Sigmund
  6163 | D:6      | Reached skill level 7 in Unarmed Combat
  6190 | D:6      | Found a radiant altar of Vehumet.
  6201 | D:6      | Reached skill level 8 in Unarmed Combat
  6201 | D:6      | Reached XP level 8. HP: 56/61 MP: 7/7
  6331 | D:6      | You pick up a book of Frost and begin reading...
  6331 | D:6      | You add the spells Freeze, Frozen Ramparts and Hailstorm to
                  | your library.
  6342 | D:6      | Reached skill level 9 in Unarmed Combat
  6393 | D:6      | Identified the +11 spear of the Many Demons {antimagic,
                  | rN++}
  6616 | D:6      | Reached skill level 10 in Unarmed Combat
  7020 | D:7      | Found Wobrya's Jewellery Emporium.
  7021 | D:7      | Reached ** piety under Hepliaklqana
  7022 | D:7      | Remembered your ancestor Louis as a battlemage
  7035 | D:7      | Noticed Maggie
  7256 | D:7      | Killed Maggie
  7257 | D:7      | Reached skill level 11 in Unarmed Combat
  7257 | D:7      | Reached XP level 9. HP: 66/66 MP: 8/8
  7366 | D:7      | Found Atifit's Weapon Shoppe.
  7371 | D:7      | Reached skill level 6 in Fighting
  7526 | D:7      | Reached skill level 7 in Fighting
  7743 | D:7      | Identified a scroll of acquirement
  7743 | D:7      | Acquired the ring of the Blue God {*Corrode rC- rN++ Dex+6
                  | SInv}
  7761 | D:7      | Found Afomuoco's Weapon Shop.
  7818 | D:7      | Found a sparkling altar of Nemelex Xobeh.
  7868 | D:7      | Found Riavuary's Distillery.
  7876 | D:7      | Bought a potion of heal wounds for 75 gold pieces
  7953 | D:8      | Noticed a hornet
  7958 | D:8      | Killed a hornet
  7959 | D:8      | Reached skill level 2 in Dodging
  8026 | D:8      | Reached skill level 3 in Dodging
  8201 | D:8      | Found a bloodstained altar of Trog.
  8371 | D:8      | Found a shimmering altar of Xom.
  8425 | D:8      | Reached *** piety under Hepliaklqana
  8572 | D:8      | Found a sand-covered staircase.
  8581 | Ossuary  | Entered an ossuary
  8937 | Ossuary  | Reached skill level 4 in Dodging
  9257 | D:9      | Noticed a gargoyle
  9264 | D:9      | HP: 14/71 [gargoyle/stone arrow (17)]
  9265 | D:9      | Killed a gargoyle
  9266 | D:9      | Reached skill level 5 in Dodging
  9266 | D:9      | Reached XP level 10. HP: 16/77 MP: 9/9
  9569 | D:9      | Reached skill level 6 in Dodging
  9847 | D:9      | Found an ancient bone altar of Kikubaaqudgha.
  9847 | D:9      | Found a blossoming altar of Fedhas.
  9927 | D:9      | Reached skill level 7 in Dodging
 10016 | D:9      | Noticed Grum
 10294 | D:9      | Reached **** piety under Hepliaklqana
 10355 | D:10     | Entered Level 10 of the Dungeon
 10465 | D:10     | Found a runed translucent gate.
 10465 | D:10     | Found a runed translucent gate.
 10465 | D:10     | Found a runed translucent gate.
 10466 | D:10     | Noticed an 11-headed hydra
 10473 | D:10     | Noticed Urext's ghost (novice MiBe)
 10578 | D:10     | Noticed a death yak
 10579 | D:10     | Found a staircase to the Lair.
 10592 | D:10     | Noticed a death yak
 10598 | D:10     | Noticed a death yak
 10607 | D:10     | Killed a death yak
 10608 | D:10     | Reached skill level 8 in Dodging
 10608 | D:10     | Reached skill level 3 in Invocations
 10610 | D:10     | Killed a death yak
 10611 | D:10     | Reached skill level 5 in Invocations
 10621 | D:10     | Killed a death yak
 10622 | D:10     | Reached skill level 6 in Invocations
 10742 | D:10     | Reached XP level 11. HP: 80/82 MP: 14/14
 10786 | D:10     | Reached skill level 7 in Invocations
 10822 | D:10     | You pick up a book of Air and begin reading...
 10822 | D:10     | You add the spells Shock, Swiftness and Airstrike to your
                  | library.
 10869 | D:10     | Identified the +7 war axe "Killer Klown's Regret" {holy,
                  | rC+ Str+4 Dex-5}
 10876 | D:10     | Found a shadowy altar of Dithmenos.
 11065 | D:10     | Found Loiph's Armour Emporium.
 11184 | D:10     | Noticed a two-headed ogre
 11191 | D:10     | HP: 18/82 [killer bee (4)]
 11198 | D:9      | HP: 18/82 [killer bee (1)]
 11496 | D:10     | Found a broken altar of Ashenzari.
 11577 | D:10     | Killed a two-headed ogre
 11578 | D:10     | Reached skill level 8 in Invocations
 11666 | D:10     | HP: 9/83 [killer bee (13)]
 11667 | D:10     | Slain by a killer bee

Vanquished Creatures
  3 death yaks (D:10)
  Maggie (D:7)
  A gargoyle (D:9)
  A queen bee (D:10)
  A hornet (D:8)
  Sigmund (D:6)
  A steam dragon (D:9)
  2 orc warriors (D:6)
  2 black bears
  An ice beast (D:7)
  2 sky beasts
  A wolf (D:9)
  2 phantoms
  2 elf skeletons (D:8)
  A gnoll sergeant (D:9)
  3 scorpions
  3 wights (D:9)
  18 killer bees
  A howler monkey (D:7)
  A hound (D:6)
  3 orc priests
  A sleepcap (D:8)
  2 jellies
  5 iguanas
  4 orc wizards
  2 hell rats (D:10)
  A mummy (Ossuary)
  9 gnolls
  6 adders
  A shadow imp (D:7)
  2 ufetubi (D:6)
  3 worms
  A dart slug (D:5)
  17 orcs
  5 spectral bats (Ossuary)
  9 bats
  6 endoplasms
  2 giant cockroaches (D:1)
  8 goblins
  6 hobgoblins
  9 jackals (D:3)
  13 kobolds
  5 quokkas
  2 ball pythons (D:4)
  A bat simulacrum (Ossuary)
  A frilled lizard (D:2)
  9 gnoll zombies (Ossuary)
  A goblin simulacrum (Ossuary)
  3 goblin zombies (Ossuary)
  2 hobgoblin zombies (Ossuary)
  8 kobold simulacra (Ossuary)
  4 kobold zombies (Ossuary)
  2 orc skeletons (D:8)
  7 orc zombies
  4 rats
  A rat simulacrum (Ossuary)
  2 spectral goblins (Ossuary)
  3 spectral kobolds (Ossuary)
  3 spectral rats (Ossuary)
221 creatures vanquished.

Vanquished Creatures (collateral kills)
  A two-headed ogre (D:10)
  A komodo dragon (D:10)
  A troll (D:10)
  A wyvern (D:9)
  A wraith (D:9)
  A steam dragon (D:10)
  A black bear (D:6)
  An orc warrior (D:9)
  An ice beast (D:7)
  An ogre (D:6)
  2 kobold brigands
  A bullfrog (D:7)
  A wight (D:9)
  3 killer bees
  2 jellies
  A human zombie (D:8)
  An iguana (D:5)
  6 gnolls
  A white imp (D:7)
  4 orcs
  A spectral bat (Ossuary)
  3 gnoll zombies (Ossuary)
  A quokka (D:10)
  3 goblin simulacra (Ossuary)
  2 goblin zombies (Ossuary)
  4 kobolds (D:10)
  A kobold zombie (Ossuary)
  A rat (D:10)
  A rat simulacrum (Ossuary)
  A spectral goblin (Ossuary)
  A spectral kobold (Ossuary)
  A spectral rat (Ossuary)
52 creatures vanquished.

Vanquished Creatures (others)
  4 battlemagi
  An ancestor (D:5)
  5 plants
  A withered plant (D:9)
11 creatures vanquished.

Grand Total: 284 creatures vanquished

Table legend:
 A = Non-vault XP
 B = Vault XP
 C = Vault XP percentage of total XP
 D = Non-vault monster count
 E = Vault monster count
 F = Vault count percentage of total count
                 A         B        C        D         E       F
            +---------+---------+-------+---------+---------+-------
      Total |    7028 |    5069 |  41.9 |     160 |     113 |  41.4
            +---------+---------+-------+---------+---------+-------
        D:1 |      26 |       0 |   0.0 |      15 |       0 |   0.0
        D:2 |      63 |       0 |   0.0 |      21 |       0 |   0.0
        D:3 |      68 |      77 |  53.1 |      13 |      14 |  51.9
        D:4 |     104 |       0 |   0.0 |      12 |       0 |   0.0
        D:5 |     523 |       0 |   0.0 |      24 |       0 |   0.0
        D:6 |    1172 |     239 |  16.9 |      17 |       1 |   5.6
        D:7 |     806 |     398 |  33.1 |      10 |       1 |   9.1
        D:8 |     407 |     298 |  42.3 |       8 |       8 |  50.0
        D:9 |    2027 |     190 |   8.6 |      27 |       2 |   6.9
       D:10 |    1832 |    3767 |  67.3 |      13 |      24 |  64.9
    Ossuary |       0 |     100 | 100.0 |       0 |      63 | 100.0
            +---------+---------+-------+---------+---------+-------

Skill      XL: |  1  2  3  4  5  6  7  8  9 10 11 |
---------------+----------------------------------+-----
Unarmed Combat | 1 3 4 5 8 11 | 11.6
Fighting       | 3 4 5 7 |  7.6
Dodging        | 5 8 |  8.0
Invocations    | 6 8 |  8.8
Short Blades   | |  1.7
Throwing       | |  1.7
Stealth        | |  4.3

Action                     |  1- 3 |  4- 6 |  7- 9 | 10-12 || total
---------------------------+-------+-------+-------+-------++-------
  Melee: Dagger            |    96 |   109 |       |       ||   205
         Punch             |     4 |     4 |    16 |    16 ||    40
         Unarmed           |       |   106 |   253 |   176 ||   535
  Throw: Dart              |     4 |    24 |    13 |     5 ||    46
         Throwing net      |       |       |     2 |       ||     2
 Invoke: Ancestor Identity |       |     1 |       |       ||     1
         Recall Ancestor   |       |       |     1 |     2 ||     3
         Ancestor Life: Ba |       |       |     1 |       ||     1
  Evoke: Wand              |       |       |     5 |     5 ||    10
    Use: Potion            |       |     4 |       |       ||     4
         Scroll            |       |     1 |    13 |     4 ||    18
   Stab: Sleeping          |    10 |     3 |     9 |     1 ||    23
         Held in net/web   |       |       |     2 |       ||     2
         Distracted        |       |       |     1 |     3 ||     4
 Armour: Robe              |    27 |    52 |       |       ||    79
         Leather armour    |       |     2 |    28 |       ||    30
         Swamp dragon scal |       |       |    36 |    40 ||    76
  Dodge: Dodged            |    50 |   113 |   110 |   187 ||   460

Illustrated notes

Table legend:
 A = Kills in this place as a percentage of kills in the entire game.
 B = Kills by you in this place as a percentage of kills by you in the entire game.
 C = Kills by friends in this place as a percentage of kills by friends in the entire game.
 D = Other kills in this place as a percentage of other kills in the entire game.
 E = Experience gained in this place as a percentage of experience gained in the entire game.
 F = Experience gained in this place divided by the number of levels of this place that you have seen.
                   A       B       C       D       E      F
               +-------+-------+-------+-------+-------+----------------------
         Total | 100.0 | 100.0 | 100.0 |   N/A | 100.0 | 1008.1
       Dungeon |  76.9 |  77.8 |  73.1 |   N/A |  99.2 | 1199.7
       Ossuary |  23.1 |  22.2 |  26.9 |   N/A |   0.8 | 100.0
               +-------+-------+-------+-------+-------+----------------------

Table legend: (Time is in decaauts)
 A = Elapsed time spent in this place.
 B = Non-inter-level travel time spent in this place.
 C = Inter-level travel time spent in this place.
 D = Time resting spent in this place.
 E = Time spent auto-exploring this place.
 F = Levels seen in this place.
 G = Mean time per level.
                   A        B        C        D        E       F      G
               +--------+--------+--------+--------+--------+-----+--------+
         Total |  11562 |  11029 |    533 |   1979 |   6999 |  12 |  963.5 |
       Dungeon |  11094 |  10577 |    517 |   1912 |   6763 |  10 | 1109.4 |
        Temple |     50 |     34 |     16 |      0 |     19 |   1 |   50.0 |
       Ossuary |    416 |    416 |      0 |     67 |    217 |   1 |  416.0 |
               +--------+--------+--------+--------+--------+-----+--------+

Top non-repeatable levels by time:
     D:5: 1911 daAuts
     D:2: 1426 daAuts
     D:9: 1166 daAuts
     D:3: 1093 daAuts
     D:6: 1090 daAuts
    D:10: 1071 daAuts
     D:8: 1013 daAuts
     D:1: 906 daAuts
     D:4: 710 daAuts
     D:7: 705 daAuts
 Ossuary: 416 daAuts
  Temple: 50 daAuts
